 Dungeon Crawl Stone Soup version 0.21-a0-38-g95c5c02 (webtiles) character file.

10957 TheGoonsmith the Basher (level 11, -3/78 HPs)
             Began as a Demonspawn Gladiator on May 29, 2017.
             Was an Elder of Hepliaklqana.
             Slain by a dire elephant (18 damage)
             ... on level 3 of the Abyss.
             The game lasted 00:22:09 (10053 turns).

TheGoonsmith the Basher (Demonspawn Gladiator)     Turns: 10053, Time: 00:22:09

Health: -3/78      AC: 21    Str: 18    XL:     11   Next: 43%
Magic:  11/11      EV: 20    Int:  9    God:    Hepliaklqana [****..]
Gold:   178        SH:  0    Dex: 20    Spells: 10/10 levels left

rFire    + . .     SeeInvis .   h - +1 whip (elec)
rCold    . . .     Gourm    .   (no shield)
rNeg     . . .     Faith    .   Q - +1 ring mail of Xom's Generosity {rF+ MR- Slay+5 Stlth+}
rPois    .         Spirit   .   c - +1 helmet
rElec    .         Reflect  .   H - +2 cloak (curse)
rCorr    +         Harm     .   j - +0 pair of gloves
MR       .....                  m - +0 pair of boots
Stlth    +++.......             (no amulet)
Regen    0.3/turn               w - ring of resist corrosion
MPRegen  0.2/turn               l - ring of wizardry

@: agile, about to teleport, sanguine armour
A: reduced essence, claws 1, powered by death 1, powered by pain 1, sanguine
armour 1
a: Recall Ancestor, Ancestor Identity, Transference, Idealise, Renounce Religion


You were on level 3 of the Abyss.
You worshipped Hepliaklqana.
Hepliaklqana was greatly pleased with you.
You were hungry.

You visited 2 branches of the dungeon, and saw 11 of its levels.
You visited the Abyss 1 time.

You collected 412 gold pieces.
You spent 234 gold pieces at shops.

Inventory:

Hand Weapons
 a - a +0 flail
 h - a +1 whip of electrocution (weapon)
Missiles
 d - 4 throwing nets (quivered)
Armour
 b - a +0 leather armour
 c - a +1 helmet (worn)
 e - a scarf of spirit shield
 j - a +0 pair of gloves (worn)
 m - a +0 pair of boots (worn)
 x - a +2 chain mail of positive energy
 A - a +0 ring mail
 H - a cursed +2 cloak (worn)
 Q - the +1 ring mail of Xom's Generosity (worn) {rF+ MR- Slay+5 Stlth+}
   (You found it on level 7 of the Dungeon)

   It affects your accuracy and damage with ranged weapons and melee attacks
   (+5).
   It protects you from fire.
   It affects your resistance to hostile enchantments.
   It makes you more stealthy.
Jewellery
 l - a ring of wizardry (right hand)
 w - a ring of resist corrosion (left hand)
 J - an uncursed amulet of rage
 T - an uncursed amulet of the gourmand {unknown}
Wands
 u - a wand of digging (12/24)
 v - a wand of confusion (4/48)
 y - a wand of polymorph (20/24)
 O - a wand of lightning (1/15)
 R - a wand of lightning (11/15)
 U - a wand of acid (6/15)
Scrolls
 g - 9 scrolls of remove curse
 i - 3 scrolls of magic mapping
 n - 2 scrolls of immolation
 r - 3 scrolls of identify
 C - 2 scrolls of fear
 E - 3 scrolls of teleportation
 G - 2 scrolls of amnesia
 K - 2 scrolls of enchant weapon
 P - 4 scrolls of recharging
Potions
 k - a potion of flight
 o - a potion of haste
 p - a potion of magic
 q - a potion of lignification
 s - 4 potions of curing
 t - a potion of heal wounds
 B - 2 potions of mutation
 F - 4 potions of brilliance
 I - 2 potions of berserk rage
 N - a potion of might
Books
 M - a book of Minor Magic

   Spells                             Type                      Level
   a - Magic Dart                     Conjuration                  1
   b - Blink                          Translocation                2
   c - Call Imp                       Summoning                    2
   d - Slow                           Hexes                        2
   e - Conjure Flame                  Conjuration/Fire             3
   f - Mephitic Cloud                 Conjuration/Poison/Air       3
Comestibles
 f - 8 bread rations
 z - 4 meat rations
 D - 12 fruits
 S - 2 royal jellies


   Skills:
 + Level 8.7 Fighting
 - Level 12.0 Maces & Flails
 - Level 1.7 Throwing
 + Level 6.9 Armour
 + Level 6.0 Dodging


You had 10 spell levels left.
You didn't know any spells.

Dungeon Overview and Level Annotations

Branches:
Dungeon (10/15)            Temple (1/1) D:4            Lair (0/6) D:9
    Orc (0/2) D:10

Altars:
Ashenzari
Cheibriados
Dithmenos
Elyvilon
Fedhas
Gozag
Hepliaklqana
Kikubaaqudgha
Makhleb
Nemelex Xobeh
Okawaru
Qazlal
Ru
Sif Muna
Trog
Uskayaw
Vehumet
Wu Jian
Xom
Yredelemnul
Zin
The Shining One
Jiyva

Shops:
D:6 ?


Innate Abilities, Weirdness & Mutations

You have sharp fingernails.
You regenerate a little health from kills.
You sometimes gain a little power by taking damage.
When seriously injured, your bleeding wounds create armour. (AC +6)
Your life essence is reduced. (-10% HP)


Message History

An abyssal rune of Zot.
A corrupted altar of Lugonu.
You feel much better. The spatial maelstrom hits you. Space bends around you.
The spatial maelstrom closely misses you.
The hellephant misses you.
The hellephant bites you but does no damage.
The hellephant gores you but does no damage.
Okay, then.
The spatial vortex closely misses you.
The spatial maelstrom hits you but does no damage.
The spatial maelstrom hits you!
* * * LOW HITPOINT WARNING * * *
Space bends around you.
* * * LOW HITPOINT WARNING * * *
The hellephant completely misses you.
The hellephant bites you but does no damage.
The hellephant completely misses you.
The yellow draconian shifter misses you.
The dire elephant tramples you!!
You die... ##+## #8.8# #vvq# #v@Y# #Yv.# #####

You could see a hellephant, a dire elephant, a yellow draconian shifter, a spatial maelstrom and 3 spatial vortices.

Vanquished Creatures
  The ghost of Spazmo the Thaumaturge, a novice DEFE of Sif Muna (D:8)
  Pikel (D:4)
  The ghost of Lauza27 the Cudgeler, a novice MiFi of Trog (D:6)
  An orc sorcerer (D:10)
  A troll (D:9)
  A hippogriff (D:7)
  13 yaks
  A vampire (D:9)
  The ghost of Lauza27 the Shield-Bearer, an amateur MiFi (D:3)
  2 hungry ghosts (D:9)
  4 vampire mosquitoes (D:10)
  Duvessa (D:4)
  3 porcupines
  2 ice beasts
  3 black bears
  2 ogres
  2 sky beasts (D:9)
  2 centaurs (D:9)
  A small abomination (Abyss:3)
  2 necrophages
  A crocodile (D:9)
  A big kobold (D:9)
  Blork the orc (D:4)
  7 bullfrogs
  A water moccasin zombie (D:6)
  4 wights (D:9)
  2 troll zombies (D:10)
  3 crimson imps
  A howler monkey (D:7)
  A quasit (D:6)
  4 jellies
  3 hounds
  6 orc priests
  Crazy Yiuf (D:4)
  5 orc wizards
  2 bullfrog skeletons
  Natasha (thrice) (D:2)
  An iguana (D:4)
  6 worker ants
  5 ogre zombies (D:10)
  A hound skeleton (D:5)
  3 gnolls (D:7)
  A howler monkey skeleton (D:4)
  9 adders
  3 oozes
  2 adder skeletons
  An adder zombie (D:4)
  A worm (D:5)
  2 dart slugs (D:1)
  3 leopard geckos
  23 orcs
  7 giant cockroaches
  5 goblins
  6 hobgoblins
  9 jackals
  5 kobolds
  2 quokkas
  A ball python (D:2)
  6 bats
  9 frilled lizards
  A goblin skeleton (D:10)
  A goblin zombie (D:10)
  A hobgoblin skeleton (D:10)
  A hobgoblin zombie (D:10)
  A jackal skeleton (D:3)
  A leopard gecko skeleton (D:4)
  4 orc skeletons (D:10)
  14 orc zombies (D:10)
  A quokka zombie (D:5)
  6 rats
  4 fungi (D:9)
237 creatures vanquished.

Vanquished Creatures (collateral kills)
  4 yaks
  2 hungry ghosts
  A porcupine (D:9)
  A black bear (D:7)
  An ogre (D:9)
  2 phantoms
  2 centaurs
  Dowan (D:4)
  A troll zombie (D:10)
  A hound (D:4)
  A jelly (D:7)
  An orc priest (D:9)
  A bullfrog skeleton (D:5)
  3 worker ants
  An adder (D:8)
  A gnoll (D:7)
  2 shadow imps (D:5)
  A leopard gecko (D:3)
  11 orcs
  A giant cockroach (D:3)
  4 goblins
  A jackal (D:3)
  2 kobolds (D:9)
  A goblin skeleton (D:10)
  A leopard gecko skeleton (D:8)
  2 orc zombies (D:10)
  2 rats
52 creatures vanquished.

Vanquished Creatures (others)
  5 battlemagi
  4 ancestors
  2 fungi (D:9)
  A plant (D:9)
12 creatures vanquished.

Grand Total: 301 creatures vanquished

Notes
Turn   | Place    | Note
-------+----------+-------------------------------------------
     0 | D:1      | TheGoonsmith the Demonspawn Gladiator began the quest for the Orb.
     0 | D:1      | Reached XP level 1. HP: 16/16 MP: 1/1
   215 | D:1      | Reached skill level 3 in Maces & Flails
   320 | D:1      | Gained mutation: You regenerate a little health from kills. [demonic ancestry]
   320 | D:1      | Reached XP level 2. HP: 22/22 MP: 2/2
   923 | D:2      | Gained mutation: You have sharp fingernails. [demonic ancestry]
   923 | D:2      | Reached XP level 3. HP: 20/28 MP: 3/3
   958 | D:2      | Noticed a dagger
   960 | D:2      | Noticed a dagger
  1043 | D:2      | Found a hide-covered altar of Uskayaw.
  1139 | D:2      | Found a shimmering altar of Xom.
  1140 | D:2      | Found a hazy altar of Hepliaklqana.
  1140 | D:2      | Noticed a hell beast
  1145 | D:2      | Noticed a hell beast
  1145 | D:2      | Noticed a spectral ugly thing
  1175 | D:2      | Noticed Natasha
  1191 | D:2      | Killed Natasha
  1191 | D:2      | Reached skill level 4 in Maces & Flails
  1191 | D:2      | Reached XP level 4. HP: 32/34 MP: 4/4
  1233 | D:2      | Became a worshipper of Hepliaklqana the Forgotten
  1441 | D:2      | Found an ornate altar of the Wu Jian Council.
  1525 | D:2      | Noticed Natasha
  1547 | D:2      | Killed Natasha
  1699 | D:2      | Found a shadowy altar of Dithmenos.
  1748 | D:2      | Noticed Natasha
  1754 | D:2      | Killed Natasha
  1915 | D:3      | Gained mutation: When seriously injured, your bleeding wounds create armour. (AC +6) [demonic ancestry]
  1915 | D:3      | Reached XP level 5. HP: 31/36 MP: 5/5
  2332 | D:3      | Noticed a necrophage
  2335 | D:3      | Noticed Lauza27's ghost (amateur MiFi)
  2351 | D:3      | Killed a necrophage
  2351 | D:3      | Reached skill level 5 in Maces & Flails
  2351 | D:3      | Reached XP level 6. HP: 36/42 MP: 6/6
  2971 | D:4      | Found an iron altar of Okawaru.
  2971 | D:4      | Noticed Blork the orc
  2980 | D:4      | Killed Blork the orc
  2980 | D:4      | Reached skill level 6 in Maces & Flails
  3272 | D:4      | Noticed Dowan
  3274 | D:4      | Noticed Duvessa
  3286 | D:4      | Killed Duvessa
  3286 | D:4      | Gained mutation: You sometimes gain a little power by taking damage. [demonic ancestry]
  3286 | D:4      | Reached XP level 7. HP: 39/48 MP: 3/7
  3296 | D:4      | Killed Dowan
  3328 | D:4      | Noticed Pikel
  3601 | D:4      | Killed Pikel
  3601 | D:4      | Reached skill level 5 in Fighting
  3601 | D:4      | Reached skill level 7 in Maces & Flails
  3601 | D:4      | Reached XP level 8. HP: 10/56 MP: 2/8
  3809 | D:4      | Found a staircase to the Ecumenical Temple.
  3825 | Temple   | Entered the Ecumenical Temple
  3934 | D:4      | Reached skill level 8 in Maces & Flails
  4004 | D:4      | Reached * piety under Hepliaklqana
  4184 | D:4      | Found a glowing golden altar of the Shining One.
  4451 | D:4      | Found a runed door.
  4547 | D:4      | Noticed Crazy Yiuf
  4555 | D:4      | Killed Crazy Yiuf
  4610 | D:5      | Entered Level 5 of the Dungeon
  4874 | D:5      | Reached skill level 1 in Armour
  4887 | D:5      | Reached skill level 9 in Maces & Flails
  4900 | D:5      | Reached XP level 9. HP: 24/61 MP: 9/9
  5061 | D:5      | Reached ** piety under Hepliaklqana
  5062 | D:5      | Remembered your ancestor Belessunu as a battlemage
  5862 | D:3      | Killed Lauza27's ghost
  5862 | D:3      | Reached skill level 10 in Maces & Flails
  6230 | D:6      | Noticed Lauza27's ghost (novice MiFi)
  6262 | D:6      | Killed Lauza27's ghost
  6729 | D:6      | Found Hitoh's Magic Scroll Emporium.
  6737 | D:6      | Bought a scroll of identify for 24 gold pieces
  6737 | D:6      | Bought a scroll of identify for 24 gold pieces
  6737 | D:6      | Bought a scroll of identify for 24 gold pieces
  6737 | D:6      | Bought a scroll of teleportation for 36 gold pieces
  6737 | D:6      | Bought a scroll of teleportation for 36 gold pieces
  6737 | D:6      | Bought a scroll of enchant armour for 90 gold pieces
  7071 | D:7      | Found an iron altar of Okawaru.
  7151 | D:7      | Reached *** piety under Hepliaklqana
  7193 | D:7      | Reached skill level 11 in Maces & Flails
  7561 | D:7      | Reached XP level 10. HP: 67/67 MP: 10/10
  7750 | D:7      | Got a bronze ring mail
  7751 | D:7      | Identified the +1 ring mail of Xom's Generosity {rF+ MR- Slay+5 Stlth+} (You found it on level 7 of the Dungeon)
  8035 | D:8      | Found a snail-covered altar of Cheibriados.
  8075 | D:8      | Found a stormy altar of Qazlal.
  8094 | D:8      | Found a sacrificial altar of Ru.
  8128 | D:8      | Noticed Spazmo's ghost (novice DEFE)
  8135 | D:8      | Killed Spazmo's ghost
  8135 | D:8      | Reached skill level 12 in Maces & Flails
  8217 | D:8      | Found a radiant altar of Vehumet.
  8260 | D:8      | Found a basalt altar of Yredelemnul.
  8508 | D:8      | Found a sparkling altar of Nemelex Xobeh.
  8650 | D:9      | Reached skill level 5 in Armour
  9137 | D:9      | Reached **** piety under Hepliaklqana
  9146 | D:9      | Found a staircase to the Lair.
  9176 | D:9      | Reached XP level 11. HP: 51/76 MP: 11/11
  9224 | D:9      | Reached skill level 5 in Dodging
  9455 | D:10     | Entered Level 10 of the Dungeon
  9466 | D:10     | Found a staircase to the Orcish Mines.
  9980 | D:10     | Noticed an orc sorcerer
  9982 | D:10     | Noticed an orc sorcerer
  9983 | D:10     | Noticed a wizard
  9993 | D:10     | Killed an orc sorcerer
  9995 | D:10     | Cast into level 3 of the Abyss (a wizard)
 10047 | Abyss:3  | Found a corrupted altar of Lugonu.
 10047 | Abyss:3  | Noticed a dire elephant
 10047 | Abyss:3  | Noticed a yellow draconian shifter
 10048 | Abyss:3  | Noticed a hellephant
 10048 | Abyss:3  | Noticed a spatial maelstrom
 10053 | Abyss:3  | Slain by a dire elephant

Vault maps used:
D:1:      evilmike_arrival_hilbert_curve
D:2:      regret_index_temple_of_mockery, nicolae_overflow_hidden_temple,
          dancing_weapons_uskayaw, first_bread, st_stairs_3,
          grunt_dithmenos_smoke, uniq_natasha
D:4:      lemuel_coloured_pillars_altar, old_standard_altar,
          minmay_temple_entry_grid, uniq_crazy_yiuf_cottage, uniq_pikel,
          uniq_duvessa, uniq_blork_the_orc
D:6:      serial_shops, shop
D:7:      kennysheep_okawaru_gauntlet
D:8:      yredelemnul_altar_generic, lemuel_round_altar, lemuel_crystal_altar,
          cheibriados_altar_1, minitemple
D:9:      due_lair_maze_entry_diamond
D:10:     cheibrodos_wizards_tower, zombieorc2_lemuel, serial_shops,
          nicolae_shop_stone
Temple:   pf_slimified_temple
Abyss:3:  due_evilmike_abyss_rune_seething_liches

Skill      XL: |  1  2  3  4  5  6  7  8  9 10 11 |
---------------+----------------------------------+-----
Maces & Flails | 3 4 5 6 7 9 11 12 | 12.0
Fighting       | 3 4 5 6 7 8 |  8.7
Armour         | 2 4 5 6 |  6.9
Dodging        | 4 6 |  6.0
Throwing       | |  1.7

Action                   |  1- 3 |  4- 6 |  7- 9 | 10-12 || total
-------------------------+-------+-------+-------+-------++-------
Melee: Flail             |    87 |   222 |    37 |       ||   346
       Whip              |       |       |   267 |   383 ||   650
Invok: Ancestor Life: Ba |       |       |     1 |       ||     1
  Use: Potion            |     1 |     1 |     2 |     3 ||     7
       Scroll            |       |     6 |    13 |     4 ||    23
 Stab: Sleeping          |     1 |     1 |       |     4 ||     6
       Distracted        |       |     1 |     1 |     1 ||     3
  Eat: Chunk             |     1 |     7 |    13 |    13 ||    34
       Royal jelly       |       |       |       |     1 ||     1
Armor: Leather armour    |    48 |    24 |       |       ||    72
       Skin              |     4 |       |       |       ||     4
       Ring mail         |       |    39 |       |   105 ||   144
       Chain mail        |       |    46 |   132 |    10 ||   188
Dodge: Dodged            |    73 |   119 |    98 |   173 ||   463
